 Dungeon Crawl Stone Soup version 0.29.1-12-g30fa7ad0bf (webtiles) character file.

Game seed: 2108235405335110326

9 wormed the Trooper (level 2, -4/24 HPs)
             Began as a Demonspawn Fighter on Dec 21, 2022.
             Succumbed to a goblin's poison
             ... on level 1 of the Dungeon.
             The game lasted 00:00:55 (386 turns).

wormed the Trooper (Demonspawn Fighter)              Turns: 386, Time: 00:00:56

Health: -4/24      AC:  6    Str: 16    XL:     2   Next: 3%
Magic:  2/2        EV:  8    Int:  9    God:
Gold:   18         SH:  4    Dex: 12    Spells: 1/1 levels left

rFire   . . .      SeeInvis .   a - +0 flail
rCold   . . .      Faith    .   c - +0 buckler
rNeg    . . .      Spirit   .   b - +0 scale mail
rPois   .          Reflect  .   (no helmet)
rElec   .          Harm     .   (no cloak)
rCorr   .          Rampage  .   (no gloves)
Will    .....                   (no boots)
Stlth   ..........              (no amulet)
HPRegen 0.08/turn               (no ring)
MPRegen 0.08/turn               (no ring)

@: brilliant, lethally poisoned (-4 -> -30)
A: demonic guardian 1
a: no special abilities


You were on level 1 of the Dungeon.
You visited 1 branch of the dungeon, and saw 1 of its levels.

You collected 18 gold pieces.

Inventory:

Hand Weapons
 a - a +0 flail (weapon)
Armour
 b - a +0 scale mail (worn)
 c - a +0 buckler (worn)
Jewellery
 f - a ring of wizardry
Scrolls
 g - 3 scrolls of blinking {unknown}
 h - a scroll of noise {unknown}
 i - a scroll of magic mapping {unknown}
 j - a scroll of enchant weapon {unknown}
Potions
 d - a potion of might
 e - a potion of brilliance


   Skills:
 + Level 3.1 Fighting
 * Level 2.1 Maces & Flails
 + Level 2.8 Armour
 + Level 2.8 Shields


You had one spell level left.
You didn't know any spells.
Your spell library was empty.

Dungeon Overview and Level Annotations

Branches:
Dungeon (1/15)

Altars:


Innate Abilities, Weirdness & Mutations

A weak demonic guardian rushes to your aid.


Message History

The goblin shouts!
A goblin is nearby!
A ball python comes into view.
The ball python hisses angrily.
A giant cockroach comes into view.
The goblin hits you with a +2 dagger of venom.
A demonic guardian appears!
You are poisoned.
You closely miss the goblin.
You feel very sick.
The goblin hits you with a +2 dagger of venom.
You are more poisoned.
The ball python bites you but does no damage.
The ball python grabs you. The ball python constricts you.
You escape the ball python's grasp.
You feel very sick.
Your white imp closely misses the goblin.
The goblin attacks as you move away!
The goblin hits you with a +2 dagger of venom.
You are more poisoned.
* * * LOW HITPOINT WARNING * * *
You feel very sick.
The ball python bites your white imp but does no damage.
The ball python grabs your white imp.
The ball python constricts your white imp.
Your white imp closely misses the goblin.
It was a potion of brilliance.
You feel clever all of a sudden.
* * * LOW HITPOINT WARNING * * *
You feel very sick.
The ball python barely misses your white imp.
The ball python constricts your white imp.
The goblin hits you but does no damage.
You are more poisoned.
The giant cockroach bites your white imp but does no damage.
Your white imp closely misses the goblin.
The ball python bites your white imp.
The ball python constricts your white imp.
You barely miss the goblin.
You die...

#....... #....... #.)....#
#......+ #......# ##......#
#.##### #.....SB### #......
.......5g.# #######
#...#.......#@# #
..#....#.#....# ###
##......#.....## #######..
##..............##
#.......# .##.
#..........#..## #.#######
.#..##..........##..## #.#
.....................####.#
.....................##...#
.........####........##.###


You could see a giant cockroach, a goblin (ally target), a ball python and a
friendly white imp (summoned).

Vanquished Creatures
  A bat (D:1)
  A hobgoblin (D:1)
  3 quokkas (D:1)
  2 frilled lizards (D:1)
  A kobold (D:1)
8 creatures vanquished.

Notes
Turn   | Place    | Note
-------+----------+-------------------------------------------
     0 | D:1      | wormed the Demonspawn Fighter began the quest for the Orb.
     0 | D:1      | Reached XP level 1. HP: 18/18 MP: 1/1
   193 | D:1      | Gained mutation: A weak demonic guardian rushes to your
                  | aid. [demonic ancestry]
   193 | D:1      | Reached XP level 2. HP: 10/24 MP: 2/2
   386 | D:1      | Succumbed to a goblin's poison

Illustrated notes

Levels and vault maps discovered:
D:1:      dpeg_arrival_tiny_i, layout_basic, ebering_ecumenical_altar_box,
          chequers_serial_rivers_micro_e, st_stairs_8,
          kennysheep_decorative_pillar

Skill      XL: |  1 |
---------------+----+-----
Maces & Flails | 2 |  2.1
Fighting       | |  3.1
Armour         | |  2.8
Shields        | |  2.8

Action                   || total
-------------------------++-------
Melee: Flail             ||    29
  Use: Potion            ||     1
Armor: Scale mail        ||    17
Dodge: Dodged            ||    15
Block: Buckler           ||     5
